 Dungeon Crawl Stone Soup version 0.27-a0-869-g165b36e3f0 (webtiles) character file.

Game seed: 13911554425624709721

319 polve the Poker (level 6, -8/47 HPs)
             Began as a Demonspawn Monk on Apr 2, 2021.
             Splashed by a jelly's acid (9 damage)
             ... on level 3 of the Dungeon.
             The game lasted 00:03:08 (4250 turns).

polve the Poker (Demonspawn Monk)                   Turns: 4250, Time: 00:03:08

Health: -8/47      AC:  3    Str:  8 (11) XL:     6   Next: 21%
Magic:  0/6        EV: 12    Int: 11 (13) God:
Gold:   113        SH:  0    Dex: 15 (16) Spells: 5/5 levels left

rFire    . . .     SeeInvis .   a - +0 spear
rCold    . . .     Faith    .   (no shield)
rNeg     . . .     Spirit   +   b - +0 robe
rPois    .         Reflect  .   e - +0 helmet
rElec    .         Harm     .   (no cloak)
rCorr    .         Rampage  .   (no gloves)
Will     .....                  (no boots)
Stlth    ++........             (no amulet)
HPRegen  0.15/turn              (no ring)
MPRegen  0.20/turn              (no ring)

@: no status effects
A: magic shield, magic regeneration
a: no special abilities


You were on level 3 of the Dungeon.
You visited 1 branch of the dungeon, and saw 3 of its levels.

You collected 113 gold pieces.

Inventory:

Hand Weapons
 a - a +0 spear (weapon)
Armour
 b - a +0 robe (worn)
 e - a +0 helmet (worn)
Jewellery
 h - a ring of protection from cold
Scrolls
 c - a scroll of immolation {unknown}
 d - a scroll of acquirement {unknown}
 f - a scroll of holy word {unknown}
 g - 4 scrolls of teleportation {unknown}
 i - a scroll of identify {unknown}
 j - a scroll of noise {unknown}


   Skills:
 - Level 3.0 Fighting
 + Level 6.4 Polearms
 - Level 2.6 Dodging
 - Level 1.7 Stealth


You had 5 spell levels left.
You didn't know any spells.
Your spell library contained the following spells:

 Spells                   Type           Power      Damage    Failure   Level
 Confusing Touch          Hex            0%         N/A       71%         3
 Gell's Gravitas          Tloc           0%         N/A       71%         3
 Petrify                  Tmut/Erth      0%         N/A       98%         4
 Metabolic Englaciation   Hex/Ice        0%         N/A       100%        5
 Yara's Violent Unravell  Hex/Tmut       0%         3d3       100%        5


Dungeon Overview and Level Annotations

Branches:
Dungeon (3/15)

Altars:


Innate Abilities, Weirdness & Mutations

When hurt, damage is shared between your health and your magic reserves.
You regenerate magic rapidly.


Message History

Aim: a gnoll, wielding a +4 spear (about 31% to evade your +0 spear)
You reach to attack!
You hit the gnoll.
The gnoll is moderately wounded.
The gnoll hits you with a +0 whip.
Reach: a) +0 spear
Press: ? - help, Dir - move target, f/p - gnoll
Aim: a gnoll, wielding a +4 spear (moderately wounded, about 31% to evade your +0 spear)
The gnoll is in the way.
You hit the gnoll but do no damage.
The gnoll is moderately wounded.
The gnoll hits you from afar with a +4 spear!
The gnoll hits you with a +0 whip.
Reach: a) +0 spear
Press: ? - help, Dir - move target, f/p - gnoll
Aim: a gnoll, wielding a +4 spear (moderately wounded, about 31% to evade your +0 spear)
The gnoll is in the way.
You hit the gnoll but do no damage.
The gnoll is moderately wounded.
The gnoll hits you from afar with a +4 spear.
* * * LOW HITPOINT WARNING * * *
Reach: a) +0 spear
Press: ? - help, Dir - move target, f/p - gnoll
Aim: a gnoll, wielding a +4 spear (moderately wounded, about 31% to evade your +0 spear)
The gnoll is in the way.
You barely miss the gnoll.
The gnoll is moderately wounded.
The gnoll hits you with a +0 whip.
* * * LOW HITPOINT WARNING * * *
The gnoll hits you from afar with a +4 spear!
* * * LOW HITPOINT WARNING * * *
You see here a +0 dagger.
There is an open door here.
The jelly quivers.
The jelly jiggles.
You barely miss the jelly.
The gnoll hits you from afar with a +4 spear.
* * * LOW HITPOINT WARNING * * *
You hit the jelly.
Your hands burn!
* * * LOW HITPOINT WARNING * * *
The jelly is moderately wounded.
The jelly hits you.
* * * LOW HITPOINT WARNING * * *
You are splashed with acid!
You die...

...........# '##..#
.......###g# .##..#
.......# #.## .#..#
.......###..### .#..#
..............# #..#
######.######.# ....
#.# #.## .### #.#
#gg###### .. #.#
##..@J..###### #.#
######......# #.#
####.#.# #.#
##########.# #.#
#..........# #.#
#..........#
#.######..........#
#####...J.............#
#......#####..........#


You could see a jelly and 2 gnolls.

Vanquished Creatures
  Grinder (D:3)
  A howler monkey (D:3)
  Robin (D:3)
  2 adders
  A dart slug (D:1)
  An orc (D:3)
  4 endoplasms
  2 giant cockroaches
  10 goblins
  7 hobgoblins
  3 jackals (D:1)
  5 quokkas
  7 ball pythons
  3 bats
  3 frilled lizards
  7 kobolds
  11 rats
69 creatures vanquished.

Notes
Turn   | Place    | Note
-------+----------+-------------------------------------------
     0 | D:1      | polve the Demonspawn Monk began the quest for the Orb.
     0 | D:1      | Reached XP level 1. HP: 18/18 MP: 1/1
   194 | D:1      | Reached skill level 3 in Polearms
   215 | D:1      | Gained mutation: You regenerate magic rapidly. [demonic
                  | ancestry]
   215 | D:1      | Reached XP level 2. HP: 15/24 MP: 2/2
   856 | D:1      | Reached XP level 3. HP: 5/29 MP: 3/3
  1373 | D:2      | Reached skill level 4 in Polearms
  2531 | D:3      | Noticed Robin
  2576 | D:3      | Reached XP level 4. HP: 16/35 MP: 4/4
  2586 | D:3      | Killed Robin
  2869 | D:3      | Reached skill level 5 in Polearms
  3064 | D:3      | Found a faded altar of an unknown god.
  3109 | D:3      | Noticed Grinder
  3138 | D:3      | Gained mutation: When hurt, damage is shared between your
                  | health and your magic reserves. [demonic ancestry]
  3138 | D:3      | Reached XP level 5. HP: 13/41 MP: 5/5
  3260 | D:3      | HP: 2/41 [Grinder/nerve-wracking pain (10)]
  3264 | D:3      | Killed Grinder
  3265 | D:3      | Reached skill level 6 in Polearms
  3265 | D:3      | Reached XP level 6. HP: 3/47 MP: 2/6
  3603 | D:3      | HP: 1/47 [acid (7)]
  3621 | D:3      | HP: 2/47 [ball python (1)]
  4209 | D:3      | HP: 1/47 [gnoll/+4 spear (8)]
  4250 | D:3      | HP: 2/47 [acid (2)]
  4250 | D:3      | Splashed by a jelly's acid

Illustrated notes

Levels and vault maps discovered:
D:1:      psy_arrival_dodecagon, layout_basic, minmay_rat_gold_closets
D:2:      layout_basic, hex_tiny
D:3:      minmay_bubble_buster, layout_basic, serial_shops, nicolae_shop_trees,
          serial_glass, glass_columns_a, glass_columns_b,
          basic_ecumenical_altar, amcnicky_mini_pool_small, uniq_grinder,
          uniq_robin

Skill      XL: |  1  2  3  4  5 |
---------------+----------------+-----
Polearms       | 3 4 5 6 |  6.4
Fighting       | |  3.0
Dodging        | |  2.6
Stealth        | |  1.7

Action                   |  1- 3 |  4- 6 || total
-------------------------+-------+-------++-------
Melee: Spear             |   203 |   114 ||   317
  Use: Potion            |     2 |     2 ||     4
 Stab: Sleeping          |    11 |     2 ||    13
Armor: Robe              |    25 |     8 ||    33
Dodge: Dodged            |    87 |    41 ||   128

Table legend: (Time is in decaauts)
 A = Elapsed time spent in this place.
 B = Non-inter-level travel time spent in this place.
 C = Inter-level travel time spent in this place.
 D = Time resting spent in this place.
 E = Time spent auto-exploring this place.
 F = Levels seen in this place.
 G = Mean time per level.
                   A        B        C        D        E       F      G
               +--------+--------+--------+--------+--------+-----+--------+
         Total |   4199 |   4131 |     68 |      0 |   3549 |   3 | 1399.7 |
       Dungeon |   4199 |   4131 |     68 |      0 |   3549 |   3 | 1399.7 |
               +--------+--------+--------+--------+--------+-----+--------+

Top non-repeatable levels by time:
     D:2: 1450 daAuts
     D:3: 1404 daAuts
     D:1: 1343 daAuts
